 Dungeon Crawl Stone Soup version 0.22-a0-757-gdba82d8 (webtiles) character file.

986 Mamutox the Cleaver (level 8, -3/78 HPs)
             Began as an Ogre Chaos Knight on July 16, 2018.
             Slain by Menkaure (14 damage)
             ... on level 6 of the Dungeon.
             The game lasted 00:14:36 (6286 turns).

Mamutox the Cleaver (Ogre Chaos Knight)             Turns: 6286, Time: 00:14:36

Health: -3/78      AC:  4    Str: 17    XL:     8   Next: 18%
Magic:  8/8        EV: 10    Int: 13    God:    Xom [....*.]
Gold:   366        SH:  0    Dex: 12    Spells: 7/7 levels left

rFire    . . .     SeeInvis .   a - +0 hand axe (chaos)
rCold    . . .     Gourm    .   (no shield)
rNeg     . . .     Faith    .   s - +1 robe {MR+}
rPois    +         Spirit   .   (helmet restricted)
rElec    .         Reflect  .   (no cloak)
rCorr    .         Harm     .   (gloves unavailable)
MR       +....                  (boots unavailable)
Stlth    ++........             (no amulet)
HPRegen  0.23/turn              w - ring of flight
MPRegen  0.11/turn              C - ring of poison resistance

@: about to teleport, liquefying, slowed movement, very slow
A: large, unfitting armour, thin skeletal structure 1, tough skin 1
a: Renounce Religion, Evoke Flight


You were on level 6 of the Dungeon.
You worshipped Xom.
You were a beloved toy of Xom.
You were not hungry.

You visited 1 branch of the dungeon, and saw 6 of its levels.

You collected 366 gold pieces.

Inventory:

Hand Weapons
 a - a +0 hand axe of chaos (weapon)
Missiles
 d - 28 poisoned needles
 l - 6 tomahawks (quivered)
 y - 6 needles of confusion
 D - 7 curare-tipped needles
Armour
 b - a +2 robe
 k - a +0 shield
 s - a +1 robe of magic resistance (worn)
Jewellery
 w - a ring of flight (left hand)
 C - a ring of poison resistance (right hand)
Wands
 B - a wand of digging (17)
 E - a wand of disintegration (17)
 F - a wand of paralysis (14)
Scrolls
 e - 2 scrolls of immolation {unknown}
 h - 3 scrolls of identify {unknown}
 j - 3 scrolls of teleportation
 m - 5 scrolls of remove curse
 o - 2 scrolls of fog {unknown}
 p - a scroll of enchant armour {unknown}
 q - 2 scrolls of blinking {unknown}
 x - a scroll of fear {unknown}
 H - a scroll of enchant weapon {unknown}
Potions
 f - a potion of brilliance {unknown}
 g - a potion of invisibility {unknown}
 i - a potion of might {unknown}
 n - a potion of heal wounds {unknown}
 r - a potion of ambrosia {unknown}
 t - a potion of agility {unknown}
 u - 4 potions of curing
 v - a potion of mutation {unknown}
 z - a potion of haste {unknown}
 A - a potion of magic {unknown}
Comestibles
 c - 8 rations
 G - a chunk of flesh


   Skills:
 - Level 4.0 Fighting
 + Level 9.6 Axes
 - Level 2.1 Dodging
 - Level 0.8 Stealth


You had 7 spell levels left.
You didn't know any spells.
Your spell library contained the following spells:

 Spells                   Type           Power        Failure   Level  Hunger
 Magic Dart               Conj           #...         30%         1    ##.....
 Fireball                 Conj/Fire      #.........   100%        5    ######.
 Apportation              Tloc           #.....       30%         1    ##.....
 Conjure Flame            Conj/Fire      #.......     67%         3    ####...
 Lightning Bolt           Conj/Air       #.........   100%        5    ######.
 Slow                     Hex            #.......     43%         2    ###....
 Confuse                  Hex            #.......     67%         3    ####...
 Throw Flame              Conj/Fire      #.....       43%         2    ###....
 Mephitic Cloud           Conj/Pois/Air  #.......     67%         3    ####...
 Summon Small Mammal      Summ           #...         30%         1    ##.....
 Blink                    Tloc           N/A          43%         2    ###....
 Animate Skeleton         Necr           N/A          30%         1    ##.....
 Sticky Flame             Conj/Fire      #.......     97%         4    #####..
 Call Imp                 Summ           #.......     43%         2    ###....
 Shock                    Conj/Air       #...         30%         1    ##.....
 Swiftness                Chrm/Air       #.......     43%         2    ###....
 Airstrike                Air            #.........   97%         4    #####..
 Confusing Touch          Hex            #.....       30%         1    ##.....
 Flame Tongue             Conj/Fire      #....        30%         1    ##.....
 Metabolic Englaciation   Hex/Ice        #.........   100%        5    ######.
 Static Discharge         Conj/Air       #.......     67%         3    ####...
 Petrify                  Tmut/Erth      #.......     97%         4    #####..
 Inner Flame              Hex/Fire       #.......     67%         3    ####...
 Gell's Gravitas          Tloc           #.........   67%         3    ####...
 Yara's Violent Unravell  Hex/Tmut       #.........   100%        5    ######.


Dungeon Overview and Level Annotations

Branches:
Dungeon (6/15)
 Temple: D:4-7

Altars:
Makhleb
Xom

Annotations:
D:6 Menkaure


Innate Abilities, Weirdness & Mutations

You are too large for most types of armour.
You have tough skin. (AC +1)
You have a somewhat thin skeletal structure. (Dex +2, Stealth)


Message History

You hit the ogre. You freeze the ogre.
The ogre is almost dead.
You hit Menkaure.
Menkaure convulses.
Menkaure is lightly damaged.
You hit the ogre.
The ogre looks slightly unstable.
The ogre barely misses you.
You hit Menkaure but do no damage.
Menkaure is lightly damaged.
You hit the ogre but do no damage. Menkaure hits you!
* * * LOW HITPOINT WARNING * * *
You hit Menkaure.
Menkaure flickers and vanishes!
Deactivating autopickup; reactivate with Ctrl-A.
You barely miss the ogre.
The ogre disappears!
Something hits you!
* * * LOW HITPOINT WARNING * * *
You hit something.
You hear a splashing noise.
Unknown command.
Okay, then.
As you read the scroll of teleportation, it crumbles to dust.
You feel strangely unstable. Something hits you!
You die...

.# .
........................ ##
.. ##........#. ...........
##... ...........
.......... .....
.##.._.....####.#.####...
.....
.._.....#.....#.#..###...
....
#......#.....#.#........
....
#............#.#.....#..
.....
#...........##.#.....#..
..... .
#.....{@...._........#..
.....
..#.....ยง...........#.##..
.....
.......##...........#..#..
....
....................##.##.
.### #...........########
.##. .##...#
#####M.......... ..#.
.++...# #............. ..#.
.##...#####.............
...
.##..................###


There were no monsters in sight!

Vanquished Creatures
  An ice beast (D:5)
  An ogre (D:3)
  2 bullfrogs
  A scorpion (D:5)
  2 howler monkeys
  2 jellies (D:5)
  2 orc priests (D:5)
  2 orc wizards
  A centaur skeleton (D:6)
  Jessica (D:3)
  2 worker ants (D:6)
  A worker ant zombie (D:5)
  6 adders
  2 oozes
  An adder skeleton (D:5)
  4 worms
  3 dart slugs
  A leopard gecko (D:2)
  15 orcs
  3 ball pythons (D:2)
  3 giant cockroaches
  12 goblins
  10 hobgoblins
  5 jackals
  2 quokkas
  9 bats
  6 frilled lizards
  7 kobolds
  10 rats
117 creatures vanquished.

Vanquished Creatures (collateral kills)
  2 ogres (D:4)
2 creatures vanquished.

Grand Total: 119 creatures vanquished

Notes
Turn   | Place    | Note
-------+----------+-------------------------------------------
     0 | D:1      | Mamutox the Ogre Chaos Knight began the quest for the Orb.
     0 | D:1      | Reached XP level 1. HP: 24/24 MP: 1/1
   143 | D:1      | XOM: divination: detect creatures
   144 | D:1      | XOM: harmless Hex miscast
   147 | D:1      | Reached XP level 2. HP: 32/32 MP: 2/2
   590 | D:1      | Reached skill level 4 in Axes
   670 | D:1      | Reached XP level 3. HP: 39/39 MP: 3/3
  1032 | D:2      | XOM: mild Fire miscast
  1249 | D:2      | Reached XP level 4. HP: 46/48 MP: 4/4
  1539 | D:2      | Reached skill level 5 in Axes
  1546 | D:2      | XOM: harmless Conj miscast
  1767 | D:3      | Noticed an ogre
  1796 | D:3      | XOM: noise
  1896 | D:3      | XOM: give mutations
  1896 | D:3      | Gained mutation: You have a somewhat thin skeletal structure. (Dex +2, Stealth) [Xom's mischief]
  1896 | D:3      | Gained mutation: You are frail. (-10% HP) [Xom's mischief]
  1896 | D:3      | Lost mutation: You are frail. (-10% HP) [Xom's mischief]
  1948 | D:3      | Reached XP level 5. HP: 52/54 MP: 5/5
  2282 | D:3      | Reached skill level 6 in Axes
  2322 | D:3      | XOM: destruction
  2327 | D:3      | Killed an ogre
  2327 | D:3      | Reached XP level 6. HP: 51/62 MP: 6/6
  2555 | D:3      | Noticed Jessica
  2560 | D:3      | Killed Jessica
  2943 | D:4      | XOM: summons 6 friendly demons
  2948 | D:4      | XOM: smoke on damage
  2950 | D:4      | Reached skill level 7 in Axes
  3025 | D:4      | Reached XP level 7. HP: 59/70 MP: 7/7
  3141 | D:4      | XOM: potion effect (brilliance)
  3191 | D:5      | Entered Level 5 of the Dungeon
  3493 | D:5      | XOM: 5-stop teleportation journey
  3623 | D:5      | XOM: enchant monster (good)
  3856 | D:5      | Reached skill level 8 in Axes
  4343 | D:5      | XOM: god gift: 6 needles of confusion
  4569 | D:5      | XOM: cloud trail
  4848 | D:5      | Found a burning altar of Makhleb.
  4922 | D:5      | XOM: 1-stop teleportation journey
  5166 | D:5      | Reached skill level 9 in Axes
  5178 | D:5      | XOM: summons 3 hostile demons
  5282 | D:5      | XOM: god gift: book of Air
  5417 | D:5      | Reached XP level 8. HP: 51/78 MP: 8/8
  5468 | D:5      | XOM: 8-stop teleportation journey
  5897 | D:5      | XOM: stat loss: -1 Dex (11/12)
  5946 | D:5      | XOM: scenery: create altars
  6105 | D:6      | XOM: confuse monster(s)
  6129 | D:6      | XOM: scenery: 1 doors open
  6156 | D:6      | Noticed Menkaure
  6167 | D:6      | XOM: 2-stop teleportation journey
  6244 | D:6      | XOM: scenery: create altars
  6273 | D:6      | XOM: cast spell 'Leda's Liquefaction'
  6286 | D:6      | Slain by Menkaure

Vault maps used:
D:1:      dpeg_arrival_tiny_a
D:3:      first_ration, st_stairs_1, wad_rectangle_vault, uniq_jessica
D:4:      serial_park_tiny_pond
D:5:      bloody_makhleb, st_stairs_8
D:6:      uniq_menkaure

Skill      XL: |  1  2  3  4  5  6  7 |
---------------+----------------------+-----
Axes           | 4 5 6 7 9 |  9.6
Fighting       | |  4.0
Dodging        | |  2.1
Stealth        | |  0.8

Action                   |  1- 3 |  4- 6 |  7- 9 || total
-------------------------+-------+-------+-------++-------
Melee: Hand axe          |   105 |   143 |   168 ||   416
  Use: Scroll            |       |     2 |     1 ||     3
       Potion            |       |       |     1 ||     1
 Stab: Petrified         |     2 |       |       ||     2
       Sleeping          |     1 |     1 |     2 ||     4
       Paralysed         |       |     2 |     4 ||     6
       Confused          |       |       |     1 ||     1
       Petrifying        |       |       |     1 ||     1
  Eat: Chunk             |     1 |     6 |     7 ||    14
       Ration            |       |       |     1 ||     1
Armor: Robe              |    37 |    43 |    25 ||   105
Dodge: Dodged            |    54 |    58 |    48 ||   160

Table legend:
 A = Spawn XP
 B = Non-spawn XP
 C = Spawn XP percentage of total XP
 D = Spawn monster count
 E = Non-spawn monster count
 F = Spawn count percentage of total count
 G = Total turns spent on level
                    A         B        C        D         E        F      G
               +---------+---------+-------+---------+---------+-------+---------
         Total |       0 |    1409 |   0.0 |       0 |     119 |   0.0 |  6286
               +---------+---------+-------+---------+---------+-------+---------
           D:1 |       0 |      34 |   0.0 |       0 |      22 |   0.0 |   729
           D:2 |       0 |      99 |   0.0 |       0 |      30 |   0.0 |  1059
           D:3 |       0 |     242 |   0.0 |       0 |      36 |   0.0 |  1109
           D:4 |       0 |     333 |   0.0 |       0 |       6 |   0.0 |   561
           D:5 |       0 |     547 |   0.0 |       0 |      21 |   0.0 |  2644
           D:6 |       0 |     154 |   0.0 |       0 |       4 |   0.0 |   184
               +---------+---------+-------+---------+---------+-------+---------
